 Dungeon Crawl Stone Soup version 0.30-a0-169-g06f667207d (webtiles) character file.

Game seed: 8578363260682693037

488 qw the Shield-Bearer (level 7, -7/43 HPs)
             Began as a Gargoyle Fighter on Sept 29, 2022.
             Mangled by Duvessa
             ... wielding a +0 short sword
              (12 damage)
             ... on level 5 of the Dungeon.
             The game lasted 00:01:17 (3703 turns).

qw the Shield-Bearer (Gargoyle Fighter)             Turns: 3703, Time: 00:01:18

Health: -7/43      AC: 17    Str: 22    XL:     7   Next: 13%
Magic:  7/7        EV:  8    Int:  8    God:
Gold:   270        SH:  8    Dex:  9    Spells: 6/6 levels left

rFire   . . .      SeeInvis .    Y - +1 war axe (freeze)
rCold   + . .      Faith    .    i - +0 kite shield
rNeg    + . .      Spirit   .    b - +0 scale mail
rPois   inf        Reflect  .    (no helmet)
rElec   +          Harm     .    e - +1 cloak
rCorr   .          Rampage  .    (no gloves)
Will    .....                    (no boots)
Stlth   ..........               (no amulet)
HPRegen 0.14/turn                k - +4 ring of protection
MPRegen 0.10/turn                j - ring of protection from cold

@: no status effects
A: sickness immunity, AC +4, negative energy resistance 1, electricity
resistance, torment resistance 1, petrification resistance
a: no special abilities


You were on level 5 of the Dungeon.
You visited 1 branch of the dungeon, and saw 5 of its levels.

You collected 364 gold pieces.
You spent 94 gold pieces at shops.


Innate Abilities, Weirdness & Mutations

You are immune to sickness and miasma.
Your stone body is resilient. (AC +4)
You are immune to poison.
You resist negative energy. (rN+)
You are resistant to electric shocks. (rElec)
You are resistant to unholy torment.
You are immune to petrification.


   Skills:
 - Level 4.0 Fighting
 + Level 5.2 Axes
 - Level 3.2 Armour
 - Level 1.1 Dodging
 - Level 5.3 Shields


You had 6 spell levels left.
You didn't know any spells.
Your spell library was empty.

Inventory:

Hand Weapons
 q - a +0 flail
 Y - a +1 war axe of freezing (weapon)
Armour
 b - a +0 scale mail (worn)
 e - a +1 cloak (worn)
 i - a +0 kite shield (worn)
Jewellery
 a - the ring of Generosity {Wiz rF+}
   (You found it on level 5 of the Dungeon)

   [ring of wizardry]

   It improves your spell success rate.
   rF:        It protects you from fire.
 j - a ring of protection from cold (right hand)
 k - a +4 ring of protection (left hand)
Scrolls
 m - a scroll of identify
Potions
 c - a potion of mutation {unknown}
 d - a potion of might
 f - a potion of heal wounds {unknown}
 g - a potion of haste
 h - 2 potions of attraction
 n - 2 potions of lignification
 o - a potion of flight {unknown}
 p - a potion of degeneration {unknown}
 s - a potion of magic {unknown}

Dungeon Overview and Level Annotations

Branches:
Dungeon (5/15)
 Temple: D:4-7

Altars:
Cheibriados
Hepliaklqana

Shops:
D:2 (

Annotations:
D:5 Duvessa


Message History

Duvessa, Sister of Dowan comes into view.
She is wielding a +0 short sword and wearing a +0 leather armour of poison resistance.
Duvessa shouts!
Dowan hits you but does no damage.
You slash Dowan! You freeze Dowan.
Dowan is heavily wounded.
Dowan closely misses you. Dowan misses you.
You closely miss Dowan.
Dowan is heavily wounded.
You barely miss Duvessa. Dowan hits you but does no damage.
You block Duvessa's attack.
You slash Dowan! You freeze Dowan.
You kill Dowan!
Duvessa weeps, and shakes her weapon.
Duvessa goes berserk!
You hit Duvessa but do no damage. Duvessa hits you but does no damage.
Duvessa hits you with a +0 short sword.
Your Dodging skill increases to level 1!
You closely miss Duvessa. You block Duvessa's attack.
Duvessa hits you with a +0 short sword!
You slash Duvessa! You freeze Duvessa.
Duvessa is moderately wounded.
You block Duvessa's attack. x2
You hit Duvessa. You freeze Duvessa.
Duvessa is moderately wounded.
Duvessa hits you with a +0 short sword. Duvessa barely misses you.
You slash Duvessa! You freeze Duvessa.
Duvessa is heavily wounded.
Duvessa hits you but does no damage. x2
You slash Duvessa! You freeze Duvessa.
Duvessa is almost dead.
Duvessa hits you but does no damage. Duvessa hits you with a +0 short sword.
You hit Duvessa. You freeze Duvessa.
Duvessa is almost dead.
Duvessa hits you with a +0 short sword. Duvessa barely misses you. x2
You closely miss Duvessa.
Duvessa is almost dead.
Duvessa hits you with a +0 short sword! Duvessa hits you but does no damage.
You closely miss Duvessa.
Duvessa is almost dead.
Duvessa hits you with a +0 short sword!
You die...

.......................#
....................##
....................##
.....................##
..........>....%......#
......................#
......................#.
.................>
.......=..@.....(#
.$........e).....#
.................#
.................#
##......<........#
##..............#
..##...........#
###........##


You could see Duvessa (berserk).

Vanquished Creatures
  A necrophage (D:4)
  3 scorpions
  Dowan (D:5)
  2 hounds (D:4)
  Jessica (D:3)
  5 adders
  2 worms
  3 dart slugs
  3 orcs (D:3)
  3 bats
  4 endoplasms
  3 giant cockroaches
  5 hobgoblins
  2 jackals (D:1)
  A quokka (D:3)
  5 ball pythons
  A frilled lizard (D:1)
  8 goblins
  8 kobolds
  8 rats (D:1)
69 creatures vanquished.

Notes
Turn   | Place    | Note
-------+----------+-------------------------------------------
     0 | D:1      | qw the Gargoyle Fighter began the quest for the Orb.
     0 | D:1      | Reached XP level 1. HP: 14/14 MP: 1/1
     0 | D:1      | 0 ||| qw: Version: 0.2-a-12-gaebbb33
     0 | D:1      | 0 ||| qw: Game counter: 1280
     0 | D:1      | 0 ||| qw: Always use a shield: true
     0 | D:1      | 0 ||| qw: God list: Okawaru
     0 | D:1      | 0 ||| qw: Allow faded altars: false
     0 | D:1      | 0 ||| qw: Do Orc after D:15 true
     0 | D:1      | 0 ||| qw: Do second Lair branch before Depths: true
     0 | D:1      | 0 ||| qw: Lair rune preference: random
     0 | D:1      | 0 ||| qw: Plans: Normal, Zot:1-4, God:TSO, Crypt, Tomb,
                  | Pan, Slime:5, Hells, Abyss, Orb
     0 | D:1      | 0 ||| PLANNING D:1-11
     4 | D:1      | 4 ||| Stepping ~*~*~tactically~*~*~ (hiding).
     9 | D:1      | Noticed an iguana
     9 | D:1      | Noticed a hog
   124 | D:1      | Noticed a lindwurm
   124 | D:1      | Noticed a swamp drake
   319 | D:1      | Reached XP level 2. HP: 19/19 MP: 2/2
   931 | D:1      | Reached skill level 3 in Axes
   972 | D:1      | Reached XP level 3. HP: 23/23 MP: 3/3
  1126 | D:1      | 1126 ||| UPGRADING to +0 kite shield.
  1136 | D:1      | 1136 ||| DROPPING +0 buckler.
  1137 | D:1      | 1137 ||| UPGRADING to +4 ring of protection.
  1138 | D:1      | 1138 ||| READING scroll labelled TACWIG FAAJA.
  1139 | D:1      | 1139 ||| READING scroll labelled XOROLA LIBLAJO.
  1140 | D:1      | 1140 ||| READING scroll labelled TAGGYO FYIHOHATOH.
  1141 | D:1      | 1141 ||| READING scroll labelled PUFFAIBREIS.
  1191 | D:2      | 1191 ||| Stepping ~*~*~tactically~*~*~ (stealth).
  1192 | D:2      | 1192 ||| Stepping ~*~*~tactically~*~*~ (stealth).
  1455 | D:2      | Found Erhefan's Antique Weapon Boutique.
  1463 | D:2      | 1463 ||| BUYING flail (94 gold).
  1463 | D:2      | Bought a flail for 94 gold pieces
  1463 | D:2      | 1463 ||| DROPPING +0 club.
  1784 | D:2      | Reached XP level 4. HP: 28/28 MP: 4/4
  1802 | D:2      | 1802 ||| UPGRADING to ring of protection from cold.
  1803 | D:2      | 1803 ||| READING scroll labelled EKOGAN XEYRAST.
  1804 | D:2      | 1804 ||| READING 2 scrolls labelled URPHAN VASHISIJ.
  1807 | D:2      | 1807 ||| READING scroll labelled GICEAT IH JIPN.
  1808 | D:2      | 1808 ||| DRINKING 2 sedimented puce potions.
  1848 | D:3      | Identified the +3 leather armour of Amelioration {rPois
                  | Str+3}
  1867 | D:3      | Noticed Jessica
  1868 | D:3      | 1868 ||| Stepping ~*~*~tactically~*~*~ (stealth).
  1883 | D:3      | Killed Jessica
  1912 | D:3      | 1912 ||| Stepping ~*~*~tactically~*~*~ (stealth).
  2172 | D:3      | 2172 ||| UPGRADING to +0 cloak.
  2185 | D:3      | 2185 ||| DROPPING +3 leather armour of Amelioration {rPois
                  | Str+3}.
  2392 | D:3      | 2392 ||| Stepping ~*~*~tactically~*~*~ (stealth).
  2543 | D:3      | 2543 ||| READING scroll labelled LIMAM XISA.
  2575 | D:4      | Reached XP level 5. HP: 32/32 MP: 5/5
  2664 | D:4      | Found a snail-covered altar of Cheibriados.
  2665 | D:4      | 2665 ||| DRINKING 2 sapphire potions.
  2666 | D:4      | 2666 ||| READING scroll of teleportation.
  2711 | D:4      | 2711 ||| READING scroll of enchant armour.
  2711 | D:4      | 2711 ||| ENCHANTING +0 cloak.
  2758 | D:4      | 2758 ||| Stepping ~*~*~tactically~*~*~ (hiding).
  2953 | D:4      | 2953 ||| Stepping ~*~*~tactically~*~*~ (stealth).
  2966 | D:4      | Reached XP level 6. HP: 37/37 MP: 6/6
  3157 | D:4      | Found a hazy altar of Hepliaklqana.
  3400 | D:4      | 3400 ||| READING scroll labelled EROUDW XEACATALL.
  3401 | D:4      | 3401 ||| READING scroll labelled REKI CAMAG.
  3402 | D:4      | 3402 ||| DRINKING 3 fuming coppery potions.
  3455 | D:4      | 3455 ||| READING 2 scrolls of identify.
  3455 | D:4      | 3455 ||| IDENTIFYING fuming red potion
  3456 | D:4      | 3456 ||| DROPPING potion of brilliance.
  3480 | D:5      | Entered Level 5 of the Dungeon
  3484 | D:5      | 3484 ||| STAIRDANCE
  3619 | D:5      | Identified the ring of Generosity {Wiz rF+}
  3634 | D:5      | Reached XP level 7. HP: 35/43 MP: 7/7
  3689 | D:5      | Noticed Dowan
  3690 | D:5      | Noticed Duvessa
  3695 | D:5      | Killed Dowan
  3696 | D:5      | Reached skill level 1 in Dodging
  3702 | D:5      | HP: 5/43 [Duvessa/+0 short sword (15)]
  3703 | D:5      | Mangled by Duvessa

Levels and vault maps discovered:
D:1:      onia_arrival_zoo_common, layout_basic, minmay_rat_gold_closets
D:2:      layout_loops_ring, serial_shops, shop_statue
D:3:      layout_basic, glass_columns_b, grunt_decor_mini_mirrors, uniq_jessica
D:4:      layout_basic, cheibrodos_worm_habitat, mainiacjoe_overflow_alcove_4
D:5:      layout_layer_cave, uniq_menkaure, uniq_duvessa

Skill      XL: |  1  2  3  4  5  6  7 |
---------------+----------------------+-----
Axes           | 2 3 4 5 |  5.2
Shields        | 4 5 |  5.3
Fighting       | 4 |  4.0
Dodging        | 1 |  1.1
Armour         | |  3.2

Action                   |  1- 3 |  4- 6 |  7- 9 || total
-------------------------+-------+-------+-------++-------
Melee: War axe           |    86 |    99 |    11 ||   196
  Use: Scroll            |     4 |     9 |       ||    13
       Potion            |       |     3 |       ||     3
Armor: Scale mail        |    45 |    46 |     7 ||    98
Dodge: Dodged            |    26 |    30 |     5 ||    61
Block: Buckler           |     7 |       |       ||     7
       Kite shield       |     6 |    38 |     4 ||    48

Table legend:
 A = Non-vault XP
 B = Vault XP
 C = Vault XP percentage of total XP
 D = Non-vault monster count
 E = Vault monster count
 F = Vault count percentage of total count
                 A         B        C        D         E       F
            +---------+---------+-------+---------+---------+-------
      Total |     580 |     118 |  16.9 |      59 |      10 |  14.5
            +---------+---------+-------+---------+---------+-------
        D:1 |      32 |       7 |  17.9 |      18 |       7 |  28.0
        D:2 |      43 |       0 |   0.0 |      10 |       0 |   0.0
        D:3 |      36 |      37 |  50.7 |      17 |       1 |   5.6
        D:4 |     303 |       5 |   1.6 |      12 |       1 |   7.7
        D:5 |     166 |      69 |  29.4 |       2 |       1 |  33.3
            +---------+---------+-------+---------+---------+-------
